 Dungeon Crawl Stone Soup version 0.27-a0-1591-gc56fcc985a (webtiles) character file.

Game seed: 3354221677940541317

83371 Anon1729 the Warrior (level 15, 0/126 HPs)
             Began as a Minotaur Monk on July 19, 2021.
             Was a High Priest of Hepliaklqana.
             Slain by Shym's ghost (5 damage)
             ... on level 6 of the Lair of Beasts.
             The game lasted 01:11:35 (37041 turns).

Anon1729 the Warrior (Minotaur Monk)               Turns: 37041, Time: 01:11:35

Health: 0/126      AC: 18    Str: 18    XL:     15   Next: 32%
Magic:  0/19       EV: 17    Int:  7    God:    Hepliaklqana [*****.]
Gold:   718        SH:  0    Dex: 17    Spells: 3/14 levels left

rFire    + . .     SeeInvis +   q - +7 Spriggan's Knife {stab, EV+4 Stlth+}
rCold    . . .     Faith    .   (no shield)
rNeg     . . .     Spirit   +   Y - +4 chain mail {rC+}
rPois    .         Reflect  .   (helmet restricted)
rElec    .         Harm     .   A - +2 cloak
rCorr    .         Rampage  .   e - +1 pair of gloves
Will     ++...                  T - +0 pair of boots
Stlth    +++.......             w - amulet of guardian spirit
HPRegen  0.31/turn              F - ring of willpower
MPRegen  0.16/turn              u - ring of Hosut {Fire Str-2 Dex+2 SInv}

@: about to teleport, slowed, studying 2 skills, very slow
A: reduced essence, horns 2, retaliatory headbutt
a: Renounce Religion, Recall Ancestor, Ancestor Identity, Transference, Idealise


You were on level 6 of the Lair of Beasts.
You worshipped Hepliaklqana.
Hepliaklqana was extremely pleased with you.
You visited 3 branches of the dungeon, and saw 18 of its levels.
You also visited: Ice Cave and Volcano.

You collected 2455 gold pieces.
You spent 1737 gold pieces at shops.

Inventory:

Hand Weapons
 q - the +7 Spriggan's Knife (weapon) {stab, EV+4 Stlth+}
   (You bought it in a shop on level 3 of the Dungeon)

   It is more effective when stabbing unaware enemies, treating them as though
   they were completely helpless.
   EV:        It affects your evasion (+4).
   Stlth:     It makes you more stealthy.
 W - a +7 dagger of protection
Missiles
 d - 3 curare-tipped darts
 k - 4 throwing nets
 l - 7 atropa-tipped darts
 y - 15 javelins (quivered)
Armour
 e - a +1 pair of gloves (worn)
 A - a +2 cloak (worn)
 E - a +1 scale mail of cold resistance
 N - a scarf of resistance
 T - a +0 pair of boots (worn)
 X - a +1 kite shield of cold resistance
 Y - a +4 chain mail of cold resistance (worn)
Jewellery
 u - the ring of Hosut (right hand) {Fire Str-2 Dex+2 SInv}
   (You found it on level 4 of the Dungeon)

   [ring of fire]

   It enhances your fire magic.
   Str:       It affects your strength (-2).
   Dex:       It affects your dexterity (+2).
   rF:        It protects you from fire.
   rC:        It makes you vulnerable to cold.
   SInv:      It lets you see invisible.
 w - an amulet of guardian spirit (around neck)
 z - a ring of fire
 C - a ring of ice
 F - a ring of willpower (left hand)
 J - a ring of wizardry
 M - a +6 ring of intelligence
 R - a ring of poison resistance
 V - a ring of ice
Wands
 j - a wand of acid (7)
 I - a wand of flame (31)
 K - a wand of digging (32)
 Z - a wand of charming (19)
Scrolls
 a - a scroll of silence
 b - 2 scrolls of magic mapping
 c - 2 scrolls of holy word
 f - 7 scrolls of teleportation
 g - 10 scrolls of enchant armour
 i - 3 scrolls of torment
 m - 3 scrolls of fog
 r - 2 scrolls of immolation
 s - 4 scrolls of enchant weapon
 t - a scroll of blinking
 H - a scroll of amnesia
Potions
 h - 4 potions of curing
 n - a potion of flight
 p - 5 potions of attraction
 v - 4 potions of mutation
 x - 4 potions of invisibility
 B - 5 potions of haste
 D - 2 potions of berserk rage {unknown}
 G - 2 potions of might
 Q - 3 potions of heal wounds
 S - 3 potions of lignification
 U - 2 potions of brilliance {unknown}
Miscellaneous
 o - a lightning rod (4/4)
 L - a box of beasts
 O - a condenser vane
 P - a phantom mirror


   Skills:
 + Level 15.2 Fighting
 * Level 14.4(14.8) Short Blades
 - Level 6.0(11.9) Long Blades
 + Level 14.1 Dodging
 * Level 11.6 Stealth
 * Level 4.7 Hexes
 + Level 0.0 Summonings
 * Level 7.4 Invocations


You had 3 spell levels left.
You knew the following spells:

 Your Spells              Type           Power      Damage    Failure   Level
a - Summon Mana Viper     Hex/Summ       3%         N/A       100%        5
b - Invisibility          Hex            3%         N/A       100%        6

Your spell library contained the following spells:

 Spells                   Type           Power      Damage    Failure   Level
 Tukima's Dance           Hex            6%         N/A       97%         3
 Animate Skeleton         Necr           0%         N/A       100%        1
 Apportation              Tloc           0%         N/A       100%        1
 Pain                     Necr           0%         1d4       100%        1
 Sting                    Tmut/Pois      0%         1d3       100%        1
 Blink                    Tloc           N/A        N/A       100%        2
 Poisonous Vapours        Pois/Air       0%         N/A       100%        2
 Sublimation of Blood     Necr           0%         N/A       100%        2
 Lesser Beckoning         Tloc           0%         N/A       100%        3
 Mephitic Cloud           Conj/Pois/Air  0%         N/A       100%        3
 Vampiric Draining        Necr           0%         2d6       100%        3
 Olgreb's Toxic Radiance  Pois           0%         N/A       100%        4
 Passage of Golubria      Tloc           N/A        N/A       100%        4
 Petrify                  Tmut/Erth      0%         N/A       100%        4
 Alistair's Intoxication  Tmut/Pois      0%         N/A       100%        5
 Freezing Cloud           Conj/Ice/Air   0%         6-21      100%        5
 Irradiate                Conj/Tmut      0%         3d14      100%        5
 Manifold Assault         Tloc           0%         N/A       100%        5
 Summon Forest            Summ/Tloc      0%         N/A       100%        5
 Yara's Violent Unravell  Hex/Tmut       1%         3d3       100%        5
 Shadow Creatures         Summ           N/A        N/A       100%        6


Dungeon Overview and Level Annotations

Branches:
Dungeon (11/15)            Temple (1/1) D:6            Lair (6/6) D:11
 Shoals (0/4) Lair:3       Spider (0/4) Lair:2        Slime (0/5) Lair:5
    Orc (0/2) D:11          IceCv (visited)         Volcano (visited)

Altars:
Ashenzari
Cheibriados
Dithmenos
Elyvilon
Fedhas
Gozag
Hepliaklqana
Kikubaaqudgha
Makhleb
Nemelex Xobeh
Okawaru
Qazlal
Ru
Sif Muna
Trog
Uskayaw
Vehumet
Wu Jian
Xom
Yredelemnul
Zin
The Shining One
Beogh
Jiyva

Shops:
D:3 (![(*   D:4 :

Annotations:
D:5 Dowan, Duvessa
D:11 3 runed translucent doors, exclusions: elephant and fire giant, Zgarb's ghost, journeyman HOFi
Lair:6 Shym's ghost, journeyman MiBe


Innate Abilities, Weirdness & Mutations

Your life essence is reduced to manifest your ancestor. (-10% HP)
You have a pair of horns on your head.
You reflexively headbutt those who attack you in melee.


Message History

Shym's ghost hits you!!
Enheduana hits Shym's ghost with a +0 dagger of draining!
You are too injured to fight recklessly!
You hit Shym's ghost but do no damage.
Shym's ghost is heavily damaged.
Shym's ghost screams in joy, "As in life, so in death: Kill!
Kill!!
Kill!!!"
Enheduana hits Shym's ghost with a +0 dagger of draining.
You hit Shym's ghost but do no damage.
Shym's ghost is heavily damaged.
Enheduana points at Shym's ghost and mumbles some strange words.
Shym's ghost resists with almost no effort.
Shym's ghost hits you!!
* * * LOW HITPOINT WARNING * * *
x2
Press: ? - help, v - describe, . - travel
Here: Shym's ghost, wielding a vorpal weapon (heavily damaged, ally target)
The floor, spattered with blood.
Unknown command.
Enheduana hits Shym's ghost with a +0 dagger of draining.
Enheduana points at Shym's ghost and mumbles some strange words.
Shym's ghost resists with almost no effort.
Enheduana gestures at Shym's ghost while chanting.
Shym's ghost resists with almost no effort.
Press: ? - help, v - describe, . - travel
Here: Shym's ghost, wielding a vorpal weapon (heavily damaged, ally target)
The floor.
Unknown command.
Being near the torpor snail leaves you feeling lethargic.
Okay, then.
Select a target.
Press: ? - help, Dir - move target, f - Shym's ghost
Aim: Shym's ghost, wielding a vorpal weapon (moderately damaged, ally target)
The floor.
Shym's ghost swaps with Enheduana!
As you read the scroll of teleportation, it crumbles to dust.
You feel strangely unstable.
Enheduana hits Shym's ghost but does no damage.
Shym's ghost screams, "Don't try to defend!
You have no chance!"
Shym's ghost hits you!!
* * * LOW HITPOINT WARNING * * *
You die...

..............≈≈≈≈≈≈≈≈≈≈≈≈≈≈≈≈≈≈.
...........#.≈≈≈≈≈.≈≈≈≈≈≈≈≈#≈≈≈≈≈
.#.............≈≈≈≈≈≈≈≈.####≈≈≈≈≈
...........P...≈≈≈≈≈≈≈≈≈≈≈###≈≈≈≈
..........[..P..P≈≈≈≈≈≈≈≈≈≈###≈≈≈
.............≈≈.≈≈≈≈≈≈≈≈≈≈≈#≈≈≈≈≈
........P.....≈....≈≈≈≈≈≈≈≈≈≈≈≈≈P
.....#.........###≈.....≈≈≈≈≈≈...
.....#...#......@#####.(...≈.....
.................WR..####≈P.≈....
..PP......#...w......§...........
......#..........................
.............####................
...P....PP.##...#..............##
##.......##......#.............#.
##....P....#...(.#...........P.#.
###.#............#.............#.


You could see the friendly Enheduana the hexer (slow), a torpor snail and Shym's
ghost (ally target).

Vanquished Creatures
  A red draconian (Volcano)
  Josephine (Lair:5)
  8 hydras
  A rakshasa (D:9)
  A catoblepas (Lair:6)
  A two-headed ogre (D:9)
  2 ironbound frosthearts (IceCv)
  A centaur warrior (D:9)
  The ghost of Jaujas the Carver, a novice DgDe (Lair:1)
  14 death yaks
  A goliath frog (Lair:6)
  A salamander mystic (Volcano)
  2 orc knights
  2 salamanders (Volcano)
  An orb spider (Lair:2)
  2 oklob plants (Lair:3)
  An ugly thing (D:11)
  3 cyclopes
  7 elephants
  A manticore (D:11)
  4 molten gargoyles (Volcano)
  8 black mambas
  A merfolk siren (Lair:3)
  2 centaur zombies (D:11)
  6 gargoyles
  An ice statue (IceCv)
  21 cane toads
  5 rime drakes
  2 kobold demonologists (D:9)
  An efreet (Volcano)
  13 komodo dragons
  2 ice devils (D:11)
  A freezing wraith (D:9)
  A troll (D:9)
  2 tyrant leeches
  11 polar bears
  26 blink frogs
  6 dream sheep (Lair:4)
  46 yaks
  A vampire (D:9)
  Eustachio (D:5)
  6 wraiths
  A ynoxinul (D:8)
  13 vampire mosquitoes
  17 water moccasins
  An acid dragon (D:9)
  6 orc warriors
  3 black bears
  A sky beast (D:5)
  A necrophage (D:6)
  2 ice beasts
  14 wolves
  A hornet zombie (D:6)
  3 ogres (D:7)
  5 centaurs
  3 kobold brigands (D:9)
  16 bullfrogs
  3 scorpions
  4 gnoll sergeants
  A cane toad simulacrum (Lair:2)
  A hexer (Lair:1)
  2 water moccasin skeletons
  12 wights
  A killer bee (D:9)
  3 howler monkeys
  4 electric eels
  A komodo dragon simulacrum (Lair:2)
  2 lava snakes (D:9)
  A gnoll shaman (D:6)
  2 hounds
  7 orc priests
  A bullfrog skeleton (D:6)
  A centaur skeleton (D:7)
  An iguana (D:5)
  13 orc wizards
  A polar bear simulacrum (Lair:2)
  4 hell rats (Lair:3)
  A yak simulacrum (Lair:2)
  A hound zombie (D:5)
  A hound skeleton (D:4)
  Robin (D:3)
  23 gnolls
  8 adders
  A shadow imp (D:4)
  2 white imps (D:7)
  An ufetubus (D:5)
  An adder skeleton (D:4)
  A worm (D:3)
  32 orcs
  6 ball pythons
  A bat zombie (D:6)
  3 endoplasms
  7 giant cockroaches
  3 goblins
  18 hobgoblins
  7 jackals
  A quokka (D:3)
  8 bats
  4 frilled lizards
  15 kobolds
  8 rats
  2 rat zombies (D:6)
527 creatures vanquished.

Vanquished Creatures (collateral kills)
  Harold (D:6)
  A hydra (Lair:4)
  An ugly thing (D:11)
  An elephant (Lair:2)
  A molten gargoyle (Volcano)
  4 cane toads
  Psyche (D:10)
  4 rime drakes
  A troll (D:8)
  3 polar bears (IceCv)
  3 blink frogs (Lair:1)
  A dream sheep (Lair:4)
  A vampire (D:8)
  2 shadows (D:9)
  A wraith (D:10)
  7 yaks (IceCv)
  A steam dragon (Lair:4)
  A vampire mosquito (D:11)
  An acid dragon (D:10)
  2 water moccasins
  3 orc warriors (D:9)
  A black bear (D:11)
  A centaur (D:9)
  3 wolves
  A gnoll sergeant (D:10)
  A kobold brigand (D:9)
  2 bullfrogs
  A blink frog simulacrum (Lair:2)
  2 wights (D:8)
  A centaur zombie (D:9)
  An orc priest (D:11)
  5 orc wizards
  2 gnolls
  8 orcs
  A kobold (D:9)
71 creatures vanquished.

Vanquished Creatures (others)
  2 polar bears (IceCv)
  35 hexers
  2 orcs (D:7)
  58 fungi
  113 plants
210 creatures vanquished.

Grand Total: 808 creatures vanquished

Notes
Turn   | Place    | Note
-------+----------+-------------------------------------------
     0 | D:1      | Anon1729 the Minotaur Monk began the quest for the Orb.
     0 | D:1      | Reached XP level 1. HP: 19/19 MP: 0/0
   408 | D:1      | Reached XP level 2. HP: 26/27 MP: 1/1
   800 | D:1      | Reached skill level 4 in Fighting
  1140 | D:1      | Reached XP level 3. HP: 19/33 MP: 2/2
  2181 | D:2      | Found a faded altar of an unknown god.
  2615 | D:3      | Reached XP level 4. HP: 22/41 MP: 3/3
  2638 | D:3      | Reached skill level 5 in Long Blades
  2968 | D:4      | Found Zos Cyhi's Book Shoppe.
  2971 | D:4      | Reached XP level 5. HP: 35/47 MP: 4/4
  3312 | D:3      | Found Howkeack's Antique Weapon Emporium.
  3458 | D:3      | Found Nuassowk's Distillery.
  3461 | D:3      | Found Verph's Armour Boutique.
  3787 | D:3      | Noticed Robin
  3799 | D:3      | Killed Robin
  3800 | D:3      | Reached skill level 5 in Fighting
  4090 | D:3      | Found Otiforic's General Store.
  4098 | D:3      | Bought a potion of degeneration for 13 gold pieces
  4098 | D:3      | Bought a scroll of identify for 26 gold pieces
  4098 | D:3      | Bought a scroll of magic mapping for 45 gold pieces
  4119 | D:3      | Found Vuipyqom's Antique Weapon Boutique.
  4307 | D:4      | Reached XP level 6. HP: 34/56 MP: 5/5
  4314 | D:3      | Reached skill level 1 in Short Blades
  4517 | D:4      | Reached skill level 5 in Dodging
  4858 | D:4      | Noticed an ice beast
  4995 | D:4      | Killed an ice beast
  5126 | D:4      | Found a white marble altar of Elyvilon.
  5317 | D:4      | Identified the ring of Hosut {Fire Str-2 Dex+2 SInv}
  5453 | D:5      | Entered Level 5 of the Dungeon
  5506 | D:5      | Noticed a sky beast
  5526 | D:5      | Killed a sky beast
  5527 | D:5      | Reached skill level 6 in Fighting
  5527 | D:5      | Reached XP level 7. HP: 57/63 MP: 6/6
  5725 | D:5      | Noticed Duvessa
  5733 | D:5      | Noticed Dowan
  6545 | D:5      | Noticed Eustachio
  6583 | D:5      | Killed Eustachio
  6584 | D:5      | Reached skill level 7 in Fighting
  6584 | D:5      | Reached XP level 8. HP: 13/73 MP: 7/7
  7751 | D:6      | Found a staircase to the Ecumenical Temple.
  7820 | D:6      | Reached skill level 5 in Short Blades
  8120 | D:6      | Found an ancient bone altar of Kikubaaqudgha.
  8407 | D:6      | Reached skill level 8 in Fighting
  8694 | D:7      | Reached XP level 9. HP: 23/82 MP: 1/8
  9083 | D:7      | Noticed Harold
  9221 | Temple   | Entered the Ecumenical Temple
  9427 | Temple   | Became a worshipper of Hepliaklqana the Forgotten
  9427 | Temple   | Reached * piety under Hepliaklqana
  9427 | Temple   | Reached ** piety under Hepliaklqana
  9596 | D:7      | Remembered your ancestor Enheduana as a hexer
  9603 | D:7      | HP: 2/73 [Harold/harpoon shot (9)]
 10083 | D:7      | Reached skill level 9 in Fighting
 10233 | D:7      | Found an ornate altar of the Wu Jian Council.
 10450 | D:6      | Killed Harold
 10856 | D:7      | Found a sparkling altar of Nemelex Xobeh.
 11040 | D:8      | Found a shimmering blue altar of Sif Muna.
 11055 | D:8      | Noticed a troll
 11067 | D:8      | Killed a troll
 11282 | D:8      | Got Sif Muna's Handbook of Twisted Venom
 11287 | D:8      | Found a bloodstained altar of Trog.
 11298 | D:8      | Reached skill level 10 in Fighting
 11308 | D:8      | Reached XP level 10. HP: 76/81 MP: 7/9
 12012 | D:8      | You fall into a shaft and drop 1 floor!
 12135 | D:9      | Reached skill level 5 in Stealth
 12843 | D:9      | Reached *** piety under Hepliaklqana
 12849 | D:9      | Found a glowing golden altar of the Shining One.
 12949 | D:9      | Noticed a rakshasa
 12949 | D:9      | Noticed a centaur warrior
 12949 | D:9      | Noticed a two-headed ogre
 12951 | D:9      | Noticed a cyclops
 12957 | D:9      | Killed a two-headed ogre
 12958 | D:9      | Reached skill level 11 in Fighting
 12958 | D:9      | Reached skill level 10 in Dodging
 12958 | D:9      | Killed a centaur warrior
 12960 | D:9      | Killed a rakshasa
 12961 | D:9      | Reached XP level 11. HP: 21/91 MP: 3/10
 13533 | D:9      | HP: 4/92 [poisoned by an orange demon]
 14807 | D:10     | Entered Level 10 of the Dungeon
 15063 | D:10     | Found a runed translucent door.
 15141 | D:10     | Noticed Psyche
 15149 | D:10     | Killed Psyche
 15150 | D:10     | Reached skill level 10 in Short Blades
 15365 | D:10     | Reached skill level 12 in Fighting
 15409 | D:10     | Found a sacrificial altar of Ru.
 15882 | D:10     | Found a stormy altar of Qazlal.
 16039 | D:10     | Found a radiant altar of Vehumet.
 16116 | D:10     | Noticed an orc knight
 16507 | D:9      | Killed an orc knight
 16924 | D:11     | Reached **** piety under Hepliaklqana
 17237 | D:11     | Found a frozen archway.
 17320 | IceCv    | Entered an ice cave
 17898 | IceCv    | Reached XP level 12. HP: 59/101 MP: 7/11
 18580 | IceCv    | Noticed a death yak
 18581 | IceCv    | Noticed a death yak
 18953 | IceCv    | Killed a death yak
 19148 | IceCv    | Killed a death yak
 19149 | IceCv    | Reached skill level 13 in Fighting
 19437 | IceCv    | Noticed a death yak
 19438 | IceCv    | Noticed a death yak
 19439 | IceCv    | Killed a death yak
 19441 | IceCv    | Killed a death yak
 19467 | IceCv    | Noticed an ironbound frostheart
 19467 | IceCv    | Noticed a death yak
 19467 | IceCv    | Noticed an ironbound frostheart
 19480 | IceCv    | Killed an ironbound frostheart
 19546 | IceCv    | Killed a death yak
 19907 | IceCv    | Killed an ironbound frostheart
 20369 | D:11     | Found a staircase to the Orcish Mines.
 20399 | D:11     | Noticed a fire giant
 20454 | D:11     | Found a staircase to the Lair.
 20746 | D:11     | Reached XP level 13. HP: 107/110 MP: 10/12
 21002 | D:11     | Found a runed translucent gate.
 21002 | D:11     | Found a runed translucent gate.
 21003 | D:11     | Found a runed translucent gate.
 21005 | D:11     | Noticed Zgarb's ghost (journeyman HOFi)
 21579 | Lair:1   | Entered Level 1 of the Lair of Beasts
 21788 | Lair:1   | Reached skill level 14 in Fighting
 21852 | Lair:1   | Found a dark tunnel.
 22025 | Volcano  | Entered a volcano
 23279 | Volcano  | Noticed an orb of fire
 23341 | Volcano  | Reached skill level 1 in Invocations
 23675 | Volcano  | Noticed a red draconian
 23689 | Volcano  | Killed a red draconian
 24179 | Volcano  | Noticed an orb of fire
 24912 | Lair:1   | Reached skill level 10 in Stealth
 25463 | Lair:1   | Reached ***** piety under Hepliaklqana
 25784 | Lair:1   | Learned a level 5 spell: Summon Mana Viper
 26113 | Lair:2   | Found a hole to the Spider Nest.
 26365 | Lair:2   | Found a runed translucent gate.
 26365 | Lair:2   | Found a runed translucent gate.
 26365 | Lair:2   | Found a runed translucent gate.
 26616 | Lair:2   | Noticed Jaujas's ghost (novice DgDe)
 27037 | Lair:2   | Reached XP level 14. HP: 98/119 MP: 11/15
 27188 | Lair:2   | Identified 2 scrolls of acquirement
 27193 | Lair:2   | Acquired a manual of Hexes
 27195 | Lair:2   | Acquired 804 gold pieces
 27437 | D:3      | Bought the +7 Spriggan's Knife {stab, EV+4 Stlth+} for 1653
                  | gold pieces
 27437 | D:3      | Found the +7 Spriggan's Knife {stab, EV+4 Stlth+}
 28184 | Lair:1   | Killed Jaujas's ghost
 29087 | Lair:3   | Reached skill level 1 in Hexes
 29225 | Lair:3   | Found a staircase to the Shoals.
 29816 | Lair:3   | Reached skill level 5 in Invocations
 30156 | Lair:3   | Learned a level 6 spell: Invisibility
 31371 | Lair:4   | You fall into a shaft and drop 2 floors!
 31371 | Lair:6   | Entered Level 6 of the Lair of Beasts
 31381 | Lair:5   | Found a staircase to the Slime Pits.
 31381 | Lair:5   | Found a viscous altar of Jiyva.
 31408 | Lair:5   | Noticed Josephine
 31440 | Lair:5   | Killed Josephine
 32630 | Lair:5   | Reached skill level 15 in Fighting
 34301 | Lair:6   | Reached XP level 15. HP: 103/126 MP: 15/19
 35679 | Lair:6   | Noticed Shym's ghost (journeyman MiBe)
 36190 | Lair:6   | Found a runed translucent gate.
 36276 | Lair:6   | Found a runed translucent gate.
 36276 | Lair:6   | Found a runed translucent gate.
 37041 | Lair:6   | HP: 5/126 [Shym's ghost (16)]
 37041 | Lair:6   | Slain by Shym's ghost

Illustrated notes

Levels and vault maps discovered:
D:1:      scummos_arrival_forest, layout_basic
D:2:      layout_loops_ring, ebering_ecumenical_altar_box
D:3:      layout_loops_ring, serial_shops, shop_coins, nicolae_shop_stone,
          nicolae_shop_crystal, shop, nicolae_shop_trees, minmay_circle_x,
          uniq_robin
D:4:      layout_basic, general_overflow_altar, serial_shops,
          nicolae_shop_statue_plus
D:5:      layout_loops_ring, minivault_23, uniq_duvessa, uniq_eustachio
D:6:      layout_basic, lemuel_zombie_altar_kikubaaqudgha,
          minmay_temple_entry_trees
D:7:      layout_loops_ring, nzn_wu_jian_contemplation,
          nemelex_dance_club_becter, enter_ossuary_1, grunt_ogre_cave,
          uniq_harold
D:8:      layout_loops_ring, nzn_overflow_gifts_of_might_and_magic
D:9:      minmay_the_grid_triangle_9x9_rhombus_thin
          [minmay_the_grid_triangle_9x9_odd_lines,
          minmay_the_grid_triangle_9x9_prize_insulated,
          minmay_the_grid_triangle_9x9_negative_grid,
          minmay_the_grid_triangle_9x9_alien], layout_irregular_city,
          nicolae_tso_swordbearing_angel, kennysheep_path_1
D:10:     layout_roguey, lemuel_coloured_pillars_altar, minitemple,
          lightli_church_of_beogh, uniq_psyche
D:11:     minmay_glassy_protrusions, layout_stronghold,
          due_lair_maze_entry_diamond, orc_0_dummy,
          portal_ice_cave_demonic_guard, gammafunk_ghost_necromancy,
          evilmike_butchery
Temple:   hc_temple_tempest_star
Lair:1:   cheibrodos_lair_river_kwai, layout_gridlike, enter_volcano_2,
          hangedman_lair_generics_rect
Lair:2:   layout_chaotic_city, nicolae_spider_entry_orb_guardian,
          gammafunk_ghost_icy
Lair:3:   layout_roguey, minmay_shoals_entry_lonely_mermaid,
          minmay_lair_oklob_chamber
Lair:4:   statuecave_lemuel, layout_long_grid, serial_bayou_shore_b
Lair:5:   layout_cave_pods, slime_altar_1, uniq_josephine
Lair:6:   minmay_lair_end_frog_pond, layout_misc_corridors,
          gammafunk_ghost_split, eino_small_chamber_without_monster,
          serial_bayou_shore_b

Skill      XL: |  1  2  3  4  5  6  7  8  9 10 11 12 13 14 15 |
---------------+----------------------------------------------+-----
Long Blades    | 4 5 6 |  6.0
Fighting       | 4 5 6 7 8 10 11 12 13 14 15 | 15.2
Dodging        | 4 5 6 7 9 10 11 12 13 14 | 14.1
Short Blades   | 2 4 6 7 9 10 11 13 14 | 14.4
Stealth        | 4 6 7 9 10 11 | 11.6
Invocations    | 3 6 7 |  7.4
Hexes          | 3 4 |  4.7

Action                   |  1- 3 |  4- 6 |  7- 9 | 10-12 | 13-15 || total
-------------------------+-------+-------+-------+-------+-------++-------
Melee: Falchion          |   104 |    86 |       |       |       ||   190
       Headbutt          |    11 |    24 |    91 |   277 |   354 ||   757
       Dagger            |       |    48 |   373 |   964 |   518 ||  1903
       Knife             |       |       |       |       |   765 ||   765
Throw: Javelin           |       |       |    12 |       |     2 ||    14
       Dart              |       |       |    11 |       |       ||    11
Invok: Recall Ancestor   |       |       |     1 |     5 |     8 ||    14
       Ancestor Life: He |       |       |     1 |       |       ||     1
       Transference      |       |       |       |       |     1 ||     1
Evoke: Wand              |       |       |     3 |    34 |    15 ||    52
       Box of beasts     |       |       |       |     1 |     2 ||     3
       Lightning rod     |       |       |       |       |     6 ||     6
  Use: Scroll            |       |     5 |     5 |     1 |    18 ||    29
       Potion            |       |       |    11 |     1 |     4 ||    16
 Stab: Sleeping          |     5 |     3 |     1 |     5 |    68 ||    82
       Invisible         |       |       |     1 |       |       ||     1
       Confused          |       |       |     3 |    12 |    10 ||    25
       Distracted        |       |       |     1 |    11 |     7 ||    19
Armor: Robe              |    27 |    17 |    30 |       |       ||    74
       Skin              |       |       |    46 |       |       ||    46
       Scale mail        |       |       |    34 |   210 |   232 ||   476
       Chain mail        |       |       |       |       |     1 ||     1
Dodge: Dodged            |    75 |    71 |   219 |   381 |   788 ||  1534
       Rpst.: Falchion   |    23 |    16 |       |       |       ||    39

Table legend: (Time is in decaauts)
 A = Elapsed time spent in this place.
 B = Non-inter-level travel time spent in this place.
 C = Inter-level travel time spent in this place.
 D = Time resting spent in this place.
 E = Time spent auto-exploring this place.
 F = Levels seen in this place.
 G = Mean time per level.
                   A        B        C        D        E       F      G
               +--------+--------+--------+--------+--------+-----+--------+
         Total |  35977 |  34626 |   1351 |   7805 |  21428 |  20 | 1798.8 |
       Dungeon |  18652 |  17636 |   1016 |   3926 |  11425 |  11 | 1695.6 |
        Temple |    219 |    190 |     29 |      0 |    189 |   1 |  219.0 |
          Lair |  11641 |  11335 |    306 |   1706 |   7727 |   6 | 1940.2 |
      Ice Cave |   2761 |   2761 |      0 |    934 |   1131 |   1 | 2761.0 |
       Volcano |   2701 |   2701 |      0 |   1239 |    955 |   1 | 2701.0 |
               +--------+--------+--------+--------+--------+-----+--------+

Top non-repeatable levels by time:
  Lair:5: 2869 daAuts
   IceCv: 2761 daAuts
 Volcano: 2701 daAuts
     D:9: 2645 daAuts
     D:6: 2196 daAuts
  Lair:4: 2065 daAuts
    D:11: 1946 daAuts
  Lair:3: 1938 daAuts
     D:1: 1820 daAuts
     D:7: 1811 daAuts
  Lair:1: 1795 daAuts
    D:10: 1726 daAuts
     D:3: 1689 daAuts
  Lair:6: 1531 daAuts
  Lair:2: 1442 daAuts
